 Dungeon Crawl Stone Soup version 0.28-a0-10-g964c8b829e (webtiles) character file.

Game seed: 11890481740993345981

370 Conn the Firebug (level 6, -8/36 HPs)
             Began as an Octopode Fire Elementalist on July 25, 2021.
             Killed by an exploding adder (29 damage)
             ... ignited by their inner flame
             ... on level 4 of the Dungeon.
             The game lasted 00:11:26 (5461 turns).

Conn the Firebug (Octopode Fire Elementalist)       Turns: 5461, Time: 00:11:26

Health: -8/36      AC:  1    Str: 13    XL:     6   Next: 70%
Magic:  6/10       EV: 13    Int: 20    God:
Gold:   112        SH:  0    Dex: 12    Spells: 4/11 levels left

rFire   . . .      SeeInvis .   f - +2 quarterstaff (chaos)
rCold   . . .      Faith    .   (shield currently unavailable)
rNeg    . . .      Spirit   .   (helmet restricted)
rPois   .          Reflect  .   (no amulet)
rElec   .          Harm     .   g - +6 ring of strength
rCorr   .          Rampage  .   (no ring)
Will    .....                   (no ring)
Stlth   +++.......              (no ring)
HPRegen 0.12/turn               (no ring)
MPRegen 0.12/turn               (no ring)
                                (no ring)
                                (no ring)

@: lethally poisoned (-8 -> -10)
A: almost no armour, amphibious, 8 rings, camouflage 1, gelatinous body 1,
(nimble swimmer 1), tentacles
a: no special abilities


You were on level 4 of the Dungeon.
You visited 1 branch of the dungeon, and saw 4 of its levels.

You collected 112 gold pieces.

Inventory:

Hand Weapons
 d - a +0 dagger
 f - a +2 quarterstaff of chaos (weapon)
Jewellery
 g - a +6 ring of strength (left tentacle)
 l - a ring of ice
Wands
 j - a wand of digging (1)
Scrolls
 a - 4 scrolls of identify
 b - a scroll of magic mapping
 h - a scroll of blinking {unknown}
 i - a scroll of noise {unknown}
 m - a scroll of fog {unknown}
 n - 4 scrolls of holy word {unknown}
Potions
 c - a potion of cancellation
 e - a potion of lignification


   Skills:
 + Level 0.3 Fighting
 + Level 0.7 Short Blades
 + Level 2.2 Dodging
 + Level 3.4 Stealth
 + Level 3.1 Spellcasting
 * Level 3.6 Conjurations
 + Level 0.1 Hexes
 * Level 5.1 Fire Magic


You had 4 spell levels left.
You knew the following spells:

 Your Spells              Type           Power      Damage    Failure   Level
a - Foxfire               Conj/Fire      80%        2x1d8     2%          1
b - Conjure Flame         Conj/Fire      20%        6-21      7%          3
c - Inner Flame           Hex/Fire       13%        N/A       14%         3

Your spell library contained the following spells:

 Spells                   Type           Power      Damage    Failure   Level
 Sticky Flame             Conj/Fire      20%        2d4       22%         4
 Call Canine Familiar     Summ           3%         N/A       38%         3
 Portal Projectile        Hex/Tloc       6%         N/A       38%         3
 Leda's Liquefaction      Hex/Erth       1%         N/A       80%         4
 Fireball                 Conj/Fire      10%        3d6       54%         5


Dungeon Overview and Level Annotations

Branches:
Dungeon (4/15)
 Temple: D:4-7

Altars:
Elyvilon
Hepliaklqana
Qazlal
Ru


Innate Abilities, Weirdness & Mutations

You cannot wear most types of armour.
You are amphibious.
You can wear up to eight rings at the same time.
Your skin changes colour to match your surroundings (Stealth+).
Your rubbery body absorbs attacks. (AC +1, EV +1)
((You are camouflaged near water. (Stealth+)))
You have tentacles for arms and can constrict up to eight enemies at once.


Message History

Casting: Foxfire (safe; 2% risk of failure)
Confirm with . or Enter, or press ? or * to list all spells.
You conjure some foxfire!
The adder barely misses you. The ogre barely misses you.
The foxfire hits the ogre.
The ogre is moderately wounded.
The adder bites you.
You are poisoned.
The adder poisons you! The adder closely misses you.
You feel sick. The ogre closely misses you. The adder misses you.
Unknown command.
You feel sick.
Casting: Foxfire (safe; 2% risk of failure)
Confirm with . or Enter, or press ? or * to list all spells.
The spell is quite dangerous to cast (14% risk of failure)!
Continue anyway?
Aiming: Inner Flame (quite dangerous; 14% risk of failure)
Press: ? - help, Shift-Dir - straight line, f - adder
Aim: an adder (chance to affect: 74%)
The adder is filled with an inner flame.
You feel sick. The adder barely misses you. The adder closely misses you.
Unknown command.
It was a potion of cancellation.
You feel magically purged.
You feel sick. The adder bites you.
You feel sick.
You are no longer poisoned.
The adder bites you.
You are poisoned.
The adder poisons you!
Casting: Inner Flame (quite dangerous; 14% risk of failure)
Confirm with . or Enter, or press ? or * to list all spells.
You conjure some foxfire!
You feel sick. The adder bites you.
You feel sick.
The foxfire hits the adder.
Flame seeps out of the adder.
The adder is heavily wounded.
The foxfire hits the adder.
Flame seeps out of the adder.
The adder is almost dead.
The adder is engulfed in blazing flames.
The adder explodes!
The fiery explosion engulfs you!!
Ouch! That really hurt!
You die...

#.###(####.###.#####
#.#................#
#.#.#.####.....###.#
#.#.#.# #......##.#
#####.#.#.# ##......#.#
#.........# #.#......#
#.#####.### #.##.###.#
#.# ###.### #.##.# #.#
#.# #..@..# #.##.###.#
#.###.#○#.### #........#
#.#...#W#...#####...##..
#.#.###S###....#.....###
#...#..Oo.#...........##
#.###.###.###..........#
#.#:[. ..)#..........+
#.### ###..........#
#...# #...#.......##


You could see a phantom, an ogre, an adder and an orc.

Vanquished Creatures
  Crazy Yiuf (D:2)
  A hound (D:4)
  A centaur skeleton (D:4)
  Jessica (D:2)
  Natasha (twice) (D:3)
  2 iguanas (D:4)
  Terence (D:3)
  A hound skeleton (D:2)
  4 adders
  An ufetubus (D:4)
  An adder skeleton (D:4)
  2 worms
  2 orcs
  9 endoplasms
  15 giant cockroaches
  7 goblins
  5 hobgoblins
  A jackal (D:4)
  5 kobolds
  2 quokkas
  2 ball pythons
  6 bats
  3 frilled lizards
  7 rats
82 creatures vanquished.

Vanquished Creatures (others)
  285 foxfires
  A withered plant (D:2)
286 creatures vanquished.

Grand Total: 368 creatures vanquished

Notes
Turn   | Place    | Note
-------+----------+-------------------------------------------
     0 | D:1      | Conn the Octopode Fire Elementalist began the quest for the
                  | Orb.
     0 | D:1      | Reached XP level 1. HP: 11/11 MP: 3/3
     6 | D:1      | Noticed a snapping turtle
     6 | D:1      | Noticed a hog
     6 | D:1      | Noticed a polar bear
     7 | D:1      | Noticed a four-headed hydra
     7 | D:1      | Noticed an anaconda
   147 | D:1      | Reached XP level 2. HP: 5/17 MP: 0/5
  1040 | D:2      | Reached XP level 3. HP: 17/21 MP: 1/6
  1135 | D:2      | Found a faded altar of an unknown god.
  1402 | D:2      | Found a hazy altar of Hepliaklqana.
  1545 | D:2      | Reached skill level 4 in Fire Magic
  1570 | D:2      | Reached XP level 4. HP: 24/27 MP: 2/7
  2323 | D:2      | Noticed Jessica
  2334 | D:2      | Learned a level 3 spell: Conjure Flame
  2338 | D:2      | Learned a level 3 spell: Inner Flame
  2382 | D:2      | Killed Jessica
  2589 | D:2      | Found a runed translucent door.
  2590 | D:2      | Noticed Crazy Yiuf
  2634 | D:2      | Killed Crazy Yiuf
  2635 | D:2      | Reached XP level 5. HP: 31/31 MP: 1/8
  2960 | D:3      | Found a white marble altar of Elyvilon.
  2960 | D:3      | Found a sacrificial altar of Ru.
  3007 | D:3      | Found a stormy altar of Qazlal.
  3473 | D:3      | Noticed Terence
  3637 | D:3      | Killed Terence
  3950 | D:3      | Noticed Natasha
  3973 | D:3      | Killed Natasha
  4466 | D:3      | Noticed Natasha
  4471 | D:3      | Killed Natasha
  4472 | D:3      | Reached XP level 6. HP: 36/36 MP: 4/10
  5035 | D:4      | Reached skill level 5 in Fire Magic
  5461 | D:4      | Killed by an exploding adder... ignited by their inner
                  | flame

Illustrated notes

Levels and vault maps discovered:
D:1:      onia_arrival_zoo_common, layout_basic, minmay_pentomino_s2
D:2:      minmay_roachtagon, layout_basic, basic_altar,
          ebering_ecumenical_altar_petrified, uniq_crazy_yiuf_cottage,
          uniq_jessica
D:3:      layout_rooms, nicolae_qazlal_scattered_showers,
          gammafunk_temple_overflow_elements, serial_co_window_serial,
          co_window_paths_b, co_window_corner_a, co_window_of_opportunity_a,
          co_window_corner_a, co_window_paths_b, co_window_of_opportunity_a,
          co_window_of_opportunity_a, co_window_cross_4, co_window_broadway_a,
          co_window_broadway_a, co_window_cross_4, co_window_cross_2,
          co_window_unsneaky_path_c, co_window_paths_d, co_window_paths_e,
          glass_columns_a, glass_columns_a, glass_columns_a, glass_columns_b,
          glass_columns_a, corner_web_ring, minmay_misc_feat_pillars,
          uniq_terence, uniq_natasha
D:4:      minmay_door_path, layout_loops_corners, minmay_misc_feat_hallway,
          minmay_quantized

Skill      XL: |  1  2  3  4  5  6 |
---------------+-------------------+-----
Stealth        | 3 |  3.4
Fire Magic     | 4 5 |  5.1
Conjurations   | 2 3 |  3.6
Spellcasting   | 3 |  3.1
Fighting       | |  0.3
Short Blades   | |  0.7
Dodging        | |  2.2
Hexes          | |  0.1

Action                   |  1- 3 |  4- 6 || total
-------------------------+-------+-------++-------
Melee: Unarmed           |     7 |    17 ||    24
       Constrict         |     3 |     6 ||     9
       Dagger            |       |     1 ||     1
       Tentacles         |       |     1 ||     1
       Quarterstaff      |       |    10 ||    10
 Cast: Foxfire           |    61 |   105 ||   166
       Conjure Flame     |       |     4 ||     4
       Inner Flame       |       |     6 ||     6
  Use: Scroll            |       |     1 ||     1
       Potion            |       |     4 ||     4
 Stab: Sleeping          |       |     4 ||     4
Armor: Skin              |     2 |    10 ||    12
Dodge: Dodged            |    15 |    62 ||    77

Table legend: (Time is in decaauts)
 A = Elapsed time spent in this place.
 B = Non-inter-level travel time spent in this place.
 C = Inter-level travel time spent in this place.
 D = Time resting spent in this place.
 E = Time spent auto-exploring this place.
 F = Levels seen in this place.
 G = Mean time per level.
                   A        B        C        D        E       F      G
               +--------+--------+--------+--------+--------+-----+--------+
         Total |   5461 |   5397 |     64 |    547 |   3661 |   4 | 1365.2 |
       Dungeon |   5461 |   5397 |     64 |    547 |   3661 |   4 | 1365.2 |
               +--------+--------+--------+--------+--------+-----+--------+

Top non-repeatable levels by time:
     D:2: 1811 daAuts
     D:3: 1695 daAuts
     D:1: 1021 daAuts
     D:4: 933 daAuts
